 Dungeon Crawl Stone Soup version 0.30.1-4-g462c640d31 (webtiles) character file.

Game seed: 9530680335113988147

25991 workbot the Severer (level 12, -6/113 HPs)
             Began as a Minotaur Berserker on Aug 2, 2023.
             Was the Champion of Trog.
             Mangled by an orc knight
             ... wielding a +1 battleaxe
              (12 damage)
             ... on level 2 of the Orcish Mines on Sept 12, 2023.
             The game lasted 00:31:22 (11517 turns).

workbot the Severer (Minotaur Berserker)           Turns: 11517, Time: 00:31:22

Health: -6/113     AC: 14    Str: 28    XL:     12   Next: 94%
Magic:  9/9        EV: 16    Int: 10    God:    Trog [******]
Gold:   378        SH:  0    Dex:  9    Spells: 11/11 levels left

rFire   + . .        n - +2 executioner's axe (flame)
rCold   . . .        (shield currently unavailable)
rNeg    . . .        r - +2 plate armour {rF+}
rPois   .            (helmet restricted)
rElec   .            v - +2 cloak
rCorr   .            i - +2 pair of gloves
SInv    .            u - +1 pair of boots
Will    .....        k - amulet of faith Stlth
                     e - +5 ring of evasion
HPRegen 0.38/turn    A - +6 ring of intelligence
MPRegen 0.11/turn

%: faith
@: corroded
A: horns 2, retaliatory headbutt, low MP 1
a: Renounce Religion, Berserk, Trog's Hand, Brothers in Arms


You were on level 2 of the Orcish Mines.
You worshipped Trog.
Trog was exalted by your worship.
You visited 2 branches of the dungeon, and saw 13 of its levels.
You also visited: Sewer and Ossuary.

You collected 1158 gold pieces.
You spent 780 gold pieces at shops.

Inventory:

Hand Weapons
 f - a +0 great mace
 g - the +8 storm bow {elec, penet}
   (You took it off a centaur warrior on level 11 of the Dungeon)
 n - a +2 executioner's axe of flaming (weapon)
Armour
 i - a +2 pair of gloves (worn)
 r - a +2 plate armour of fire resistance (worn)
 s - the +2 buckler of Geran {Will+ rCorr}
   (You found it on level 3 of the Dungeon)

   rCorr:     It protects you from acid and corrosion.
   Will:      It increases your willpower.
 u - a +1 pair of boots (worn)
 v - a +2 cloak (worn)
Jewellery
 e - a +5 ring of evasion (left hand)
 k - an amulet of faith (around neck)
 A - a +6 ring of intelligence (right hand)
Scrolls
 b - 2 scrolls of poison
 c - a scroll of teleportation
 p - 4 scrolls of fear
 w - 2 scrolls of vulnerability
Potions
 a - a potion of cancellation {unknown}
 d - 3 potions of mutation
 h - 2 potions of heal wounds
 l - 5 potions of curing
 m - a potion of flight
 o - a potion of resistance
 q - a potion of ambrosia {unknown}
 x - 2 potions of haste {unknown}


   Skills:
 + Level 12.8 Fighting
 + Level 17.0 Axes
 + Level 11.6 Armour
 + Level 10.7 Dodging


You had 11 spell levels left.
You didn't know any spells.
Your spell library was empty.

Dungeon Overview and Level Annotations

Branches:
Dungeon (11/15)            Temple (0/1) D:6            Lair (0/5) D:11
    Orc (2/2) D:9             Elf (0/3) Orc:2         Sewer (visited)
Ossuary (visited)

Altars:
Ashenzari
Fedhas
Hepliaklqana
Okawaru
Trog

Shops:
D:1 !   D:7 (   D:9 [   Orc:2 [


Innate Abilities, Weirdness & Mutations

You have a pair of horns on your head.
You reflexively headbutt those who attack you in melee.
Your magical capacity is low. (-10% MP)


Message History

You closely miss the orc warrior. The orc high priest barely misses you.
The orc warrior closely misses you.
The orc warrior hits you but does no damage.
The orc knight roars a battlecry!
The soul eater draws from the surrounding life force!
The rust devil hits you. The rust devil corrodes you!
The orc warrior hits you from afar with a +0 halberd!
The orc high priest barely misses you. The orc warrior misses you.
You slash the orc high priest! You burn the orc high priest.
You kill the orc high priest!
Trog accepts your kill.
The soul eater disappears in a puff of smoke!
The rust devil disappears in a puff of smoke!
The ice devil disappears in a puff of smoke!
You hit the orc warrior but do no damage.
You hit the orc knight. You burn the orc knight.
The orc knight hits you with a +1 battleaxe!
The orc warrior barely misses you.
The orc warrior hits you with a +0 battleaxe!!
You hit the orc knight but do no damage.
The orc knight is lightly wounded.
You slice the orc warrior!! You burn the orc warrior!
You kill the orc warrior!
Trog accepts your kill.
The orc knight hits you with a +1 battleaxe!
The orc warrior hits you from afar with a +0 halberd!!
* * * LOW HITPOINT WARNING * * *
The orc wizard casts a spell at you.
You easily resist.
You hit the orc knight. You burn the orc knight.
The orc knight is lightly wounded.
You hit the orc but do no damage.
The orc knight hits you with a +1 battleaxe!
* * * LOW HITPOINT WARNING * * *
The orc hits you but does no damage. The orc warrior barely misses you.
You slice the orc knight!! You burn the orc knight!
The orc knight is heavily wounded.
You barely miss the orc. You slash the orc wizard! You burn the orc wizard.
The orc knight hits you with a +1 battleaxe!
You die...

#.............#
#############.............#
#.........................# #
#.........................# ###
##.............#..........#
..## #.......................##
...####......................##
....# #.........ooo...........#
.#.## ##........@............##
#### #...#....)o............#
..## ##.................#....#
...####....))....._...........#
#.###.......).....)..........##
####.......#)....))..........##
...#......#...................#
.........##............^.....##
.........###......##.........##


You could see an orc knight, an orc warrior (strong), an orc wizard (strong) and
an orc (strong).

Vanquished Creatures
  Harold (D:10)
  A centaur warrior (D:11)
  The ghost of GasterBasher2 the Spear-Bearer, a novice MiBe of Trog (D:10)
  3 two-headed ogres
  3 orc high priests (Orc:2)
  Amaemon (D:11)
  Pikel (D:4)
  Lodul (D:10)
  An orc knight (Orc:2)
  An ugly thing (D:11)
  4 orc sorcerers
  2 cyclopes (D:11)
  2 gargoyles (D:11)
  An orange demon (D:11)
  Psyche (D:11)
  A freezing wraith (D:11)
  4 trolls
  2 polar bears (D:8)
  A hornet (D:9)
  Grinder (D:5)
  13 yaks
  A vampire (D:11)
  A wyvern (D:9)
  2 wraiths
  A basilisk (D:11)
  Grum (D:11)
  5 vampire mosquitoes
  2 steam dragons
  2 wargs (Orc:2)
  Menkaure (D:5)
  Duvessa (D:5)
  2 water moccasins
  An acid dragon (D:8)
  5 ice beasts
  A sky beast (D:6)
  A black bear (D:8)
  18 orc warriors
  14 ogres
  3 wolves
  9 centaurs
  2 phantoms
  4 kobold brigands
  3 bullfrogs
  4 scorpions
  9 wights (D:9)
  6 killer bees
  Dowan (D:5)
  An electric eel (D:9)
  3 hounds
  A jelly (D:5)
  19 orc priests
  3 iguanas
  22 orc wizards
  A mummy (Ossuary)
  A killer bee simulacrum (D:8)
  4 gnolls
  8 adders
  A river rat (D:3)
  A shadow imp (D:6)
  7 white imps
  4 ufetubi (D:8)
  A worm (D:3)
  4 dart slugs
  62 orcs
  A spectral bat (Ossuary)
  11 ball pythons
  9 bats
  15 endoplasms
  11 giant cockroaches
  12 gnoll zombies (Ossuary)
  8 goblins
  12 hobgoblins
  A jackal (D:2)
  18 kobolds
  12 quokkas
  A bat simulacrum (Ossuary)
  8 frilled lizards
  5 goblin simulacra (Ossuary)
  4 goblin zombies (Ossuary)
  2 hobgoblin zombies (Ossuary)
  3 kobold simulacra (Ossuary)
  7 kobold zombies (Ossuary)
  5 orc zombies (Ossuary)
  4 rats
  5 rat simulacra (Ossuary)
  7 spectral goblins (Ossuary)
  3 spectral kobolds (Ossuary)
  3 spectral rats (Ossuary)
456 creatures vanquished.

Vanquished Creatures (collateral kills)
  An ettin (D:10)
  A vampire mosquito (D:10)
  A kobold brigand (D:10)
3 creatures vanquished.

Vanquished Creatures (others)
  An orc wizard (Orc:2)
1 creature vanquished.

Grand Total: 460 creatures vanquished

Notes
Turn   | Place    | Note
-------+----------+-------------------------------------------
     0 | D:1      | workbot the Minotaur Berserker began the quest for the Orb.
     0 | D:1      | Reached XP level 1. HP: 19/19 MP: 0/0
   148 | D:1      | Reached skill level 4 in Axes
   285 | D:1      | Reached XP level 2. HP: 26/26 MP: 1/1
   524 | D:1      | Found Yrgheosargh's Distillery.
   560 | D:1      | Reached skill level 5 in Axes
   721 | D:1      | Reached XP level 3. HP: 30/31 MP: 2/2
  1413 | D:2      | Reached ** piety under Trog
  1738 | D:3      | Identified the +0 leather armour of Egupoz {Regen+}
  1745 | D:3      | Reached skill level 6 in Axes
  1745 | D:3      | Reached XP level 4. HP: 37/39 MP: 3/3
  1926 | D:3      | Found a glowing drain.
  1930 | Sewer    | Entered a sewer
  2052 | Sewer    | Reached *** piety under Trog
  2104 | Sewer    | Reached XP level 5. HP: 43/45 MP: 4/4
  2118 | Sewer    | Reached skill level 7 in Axes
  2532 | D:3      | Identified the +2 buckler of Geran {Will+ rCorr}
  2844 | D:4      | Noticed an ogre
  2844 | D:4      | Noticed an ice beast
  2853 | D:3      | Killed an ogre
  2854 | D:3      | Reached skill level 8 in Axes
  2854 | D:3      | Reached XP level 6. HP: 51/51 MP: 5/5
  2890 | D:4      | Killed an ice beast
  2891 | D:4      | Reached skill level 9 in Axes
  2897 | D:4      | Noticed Pikel
  2910 | D:4      | Killed Pikel
  2911 | D:4      | Reached skill level 11 in Axes
  2911 | D:4      | Reached XP level 7. HP: 57/57 MP: 6/6
  2941 | D:4      | Gained mutation: You have sharp toenails. [potion of
                  | mutation]
  2941 | D:4      | Lost mutation: You have sharp toenails. [potion of
                  | mutation]
  2941 | D:4      | Gained mutation: Your magical capacity is low. (-10% MP)
                  | [potion of mutation]
  3095 | D:4      | Reached **** piety under Trog
  3096 | D:4      | Reached XP level 8. HP: 62/64 MP: 6/6
  3201 | D:4      | Found a blossoming altar of Fedhas.
  3203 | D:4      | Found a bloodstained altar of Trog.
  3531 | D:5      | Entered Level 5 of the Dungeon
  3531 | D:5      | Noticed Duvessa
  3532 | D:5      | Noticed Dowan
  3538 | D:5      | Reached skill level 12 in Axes
  3552 | D:5      | Killed Duvessa
  3557 | D:5      | Killed Dowan
  3605 | D:5      | Found a sand-covered staircase.
  3650 | Ossuary  | Entered an ossuary
  3759 | Ossuary  | Reached ***** piety under Trog
  3760 | Ossuary  | Reached skill level 13 in Axes
  3913 | Ossuary  | Received a gift from Trog
  4009 | D:5      | Noticed Menkaure
  4014 | D:5      | Killed Menkaure
  4232 | D:5      | Noticed Grinder
  4241 | D:5      | Killed Grinder
  4242 | D:5      | Reached skill level 14 in Axes
  4242 | D:5      | Reached XP level 9. HP: 71/71 MP: 7/7
  4263 | D:5      | Found a hazy altar of Hepliaklqana.
  4692 | D:6      | Reached skill level 5 in Fighting
  4728 | D:6      | Found a staircase to the Ecumenical Temple.
  4785 | D:6      | Identified the +0 leather armour of Yesterday {rC++ rCorr
                  | Dex+4}
  5176 | D:6      | Noticed a two-headed ogre
  5189 | D:6      | Killed a two-headed ogre
  5190 | D:6      | Reached skill level 5 in Armour
  5341 | D:6      | Received a gift from Trog
  5882 | D:7      | Reached skill level 5 in Dodging
  6017 | D:7      | Reached XP level 10. HP: 88/88 MP: 8/8
  6110 | D:7      | Found Nuhag's Antique Weapon Shoppe.
  6566 | D:8      | Received a gift from Trog
  7095 | D:8      | Upgraded the game from 0.30.1-3-gfc49f6343a to
                  | 0.30.1-4-g462c640d31
  7242 | D:9      | Reached skill level 15 in Axes
  7248 | D:10     | Entered Level 10 of the Dungeon
  7294 | D:9      | Reached XP level 11. HP: 99/99 MP: 8/8
  7356 | D:9      | Found a staircase to the Orcish Mines.
  7424 | D:9      | Found Bokayno's Antique Armour Shop.
  7905 | D:10     | Found a runed translucent gate.
  7931 | D:10     | Reached skill level 10 in Fighting
  7975 | D:10     | Noticed Harold
  7986 | D:10     | Killed Harold
  8104 | D:10     | Noticed Lodul
  8132 | D:10     | Noticed a two-headed ogre
  8135 | D:10     | Killed Lodul
  8139 | D:10     | Killed a two-headed ogre
  8362 | D:10     | Found a runed translucent gate.
  8364 | D:10     | Found a runed translucent gate.
  8365 | D:10     | Noticed GasterBasher2's ghost (novice MiBe)
  8365 | D:10     | Noticed an ettin
  8433 | D:10     | Found a broken altar of Ashenzari.
  8561 | D:10     | Identified the +1 ring mail of the Grape {rF++ rN+ Int-2
                  | Stlth+}
  8771 | D:10     | Killed an ettin
  8771 | D:10     | Received a gift from Trog
  8777 | D:10     | Killed GasterBasher2's ghost
  8896 | D:11     | Found an iron altar of Okawaru.
  8995 | D:11     | Noticed a brown ugly thing
  9002 | D:11     | Killed a brown ugly thing
  9003 | D:11     | Reached skill level 16 in Axes
  9006 | D:11     | Reached skill level 10 in Armour
  9006 | D:11     | Reached XP level 12. HP: 62/110 MP: 9/9
  9198 | D:11     | Noticed Grum
  9204 | D:11     | Killed Grum
  9224 | D:11     | Noticed Psyche
  9225 | D:11     | Killed Psyche
  9237 | D:11     | Noticed Amaemon
  9252 | D:11     | Killed Amaemon
  9462 | D:11     | Found a staircase to the Lair.
  9507 | D:11     | Noticed a two-headed ogre
  9509 | D:11     | Noticed a centaur warrior
  9511 | D:11     | Killed a two-headed ogre
  9511 | D:11     | Noticed a centaur warrior
  9768 | D:11     | Killed a centaur warrior
  9844 | Orc:1    | Entered Level 1 of the Orcish Mines
  9856 | Orc:1    | Reached skill level 10 in Dodging
 10132 | Orc:2    | Entered Level 2 of the Orcish Mines
 10132 | Orc:2    | Found Dimull's Armour Boutique.
 10132 | Orc:2    | Found a staircase to the Elven Halls.
 10215 | D:9      | Bought a runed plate armour for 780 gold pieces
 10981 | Orc:2    | Noticed an orc high priest
 10983 | Orc:2    | Noticed an orc warlord
 10989 | Orc:2    | Reached ****** piety under Trog
 10998 | Orc:2    | Noticed an orc high priest
 10999 | Orc:2    | Killed an orc high priest
 11056 | Orc:2    | Paralysed by an orc sorcerer for 3 turns
 11116 | Orc:2    | Paralysed by an orc sorcerer for 3 turns
 11302 | Orc:2    | Killed an orc high priest
 11316 | Orc:2    | Reached skill level 17 in Axes
 11505 | Orc:2    | Noticed an orc high priest
 11514 | Orc:2    | Killed an orc high priest
 11516 | Orc:2    | HP: 5/113 [orc knight/+1 battleaxe (17)]
 11517 | Orc:2    | Mangled by an orc knight

Illustrated notes

Levels and vault maps discovered:
D:1:      dpeg_arrival_rooms_a, layout_basic, serial_shops,
          nicolae_shop_industrial_runoff
D:2:      layout_basic, skrybe_limestone_x, minmay_circle_x
D:3:      layout_loops_ring, gup_sewer_entry_spiral, minmay_strange_pillars
D:4:      layout_rooms, mainiacjoe_overflow_big_doors, serial_rivers,
          chequers_serial_rivers_micro_c, chequers_serial_rivers_micro_d,
          chequers_serial_rivers_room_b, chequers_serial_rivers_small_b,
          chequers_serial_rivers_small_b, hangedman_abyss_or_decor_stabs,
          uniq_pikel
D:5:      layout_loops_ring, mainiacjoe_overflow_surrounded_room,
          lightli_ossuary_entry_decrepit_ruins, uniq_menkaure, uniq_grinder,
          uniq_duvessa
D:6:      layout_basic, minmay_temple_entry_statues_fountains
D:7:      layout_loops_ring, serial_shops, kennysheep_mini_moat
D:8:      layout_gridville, serial_ice, serial_ice_o, serial_ice_n,
          serial_ice_f, serial_ice_c, serial_ice_e, feat_on_display
D:9:      layout_cave_pools, erik_orc_2, serial_shops,
          nicolae_shop_advertising_works [nicolae_subvault_shop_adworks]
D:10:     layout_loops_ring, evilmike_ruin_ashenzari, gammafunk_ghost_split,
          uniq_harold, uniq_lodul
D:11:     minmay_the_grid_octo_triangle [minmay_the_grid_octo_empty,
          minmay_the_grid_octo_prize_ultimate_mussel_roller,
          minmay_the_grid_octo_clover_2], layout_basic, lair_entry_dummy,
          okawaru_gym_becter, uniq_psyche, uniq_josephine, uniq_grum,
          uniq_maurice, uniq_amaemon
Orc:1:    layout_caves
Orc:2:    st_orc_congregation, layout_caves, serial_shops, shop, mines2_david

Skill      XL: |  1  2  3  4  5  6  7  8  9 10 11 12 |
---------------+-------------------------------------+-----
Axes           | 4 5 6 8 11 14 15 16 17 | 17.0
Fighting       | 4 8 9 11 12 | 12.8
Armour         | 5 7 10 11 | 11.6
Dodging        | 5 7 9 10 | 10.7

Action                     |  1- 3 |  4- 6 |  7- 9 | 10-12 || total
---------------------------+-------+-------+-------+-------++-------
  Melee: Hand axe          |    84 |   180 |   331 |       ||   595
         Headbutt          |     6 |    16 |    56 |    73 ||   151
         Battleaxe         |       |       |    25 |   212 ||   237
         Executioner's axe |       |       |       |   194 ||   194
 Invoke: Berserk           |     3 |     4 |     3 |     7 ||    17
         Brothers in Arms  |       |       |       |     2 ||     2
         Trog's Hand       |       |       |       |     1 ||     1
    Use: Scroll            |       |       |    14 |    14 ||    28
         Potion            |       |       |     2 |     6 ||     8
   Stab: Sleeping          |     1 |       |       |       ||     1
         Invisible         |       |       |       |     1 ||     1
 Armour: Animal skin       |    26 |     1 |       |       ||    27
         Leather armour    |       |    62 |    52 |    56 ||   170
         Ring mail         |       |       |       |    59 ||    59
         Plate armour      |       |       |       |    65 ||    65
  Dodge: Dodged            |    79 |    91 |   155 |   469 ||   794
  Block: Buckler           |       |     9 |    43 |       ||    52
